AoeStats
← FoldedAunt23528

Baltic

510463816Analyzed
4v4 RM · 15h ago on Oct 1, 2026· 41m 43s· 8 players
Game mode
Random Map
Map size
Large (8 player)
Population
200
Speed
Normal
Resources
Standard
Victory
Conquest
Starting age
Dark Age
Ending age
Imperial Age
RankedLock teamsTeams togetherTeam positionsShared explorationLock speedFull tech treeHidden civsTurbo modeCheats
Victory
Defeat
🇲🇽 Persians · Mexico
1617
+8
🇦🇷 Varangians · Argentina
1509
+11
🇨🇴 Berbers · Colombia
1167
+24
🇲🇽 Ethiopians · Mexico
1162
+72
🇵🇪 Dravidians · Peru
1468
-20
🇯🇵 Spanish · Japan
1394
-17
🇵🇪 Ethiopians · Peru
1366
-16
🇦🇺 Mongols · Australia
1325
-15
FoldedAunt23528
10:46 Feudal Age
10:18 Loom
12:02 Loom
15:33 Castle Age
15:01 Stone Mining
17:00 Double-Bit Axe
17:27 Horse Collar
21:25 Scale Barding Armor
23:08 Town Watch
23:43 Heavy Plow
28:57 Wheelbarrow
28:57 Gold Mining
29:17 Fletching
30:32 Chain Barding Armor
TuMaY
7:54 Loom
10:42 Feudal Age
11:25 Double-Bit Axe
14:46 Fletching
18:54 Wheelbarrow
23:14 Castle Age
24:16 Medium Warships
27:59 Town Watch
31:06 Bodkin Arrow
36:13 Imperial Age
34:35 Bow Saw
37:01 Bracer
38:57 Ballistics
39:40 Chemistry
40:03 Heavy Warships
LE | Andreu
6:38 Loom
9:48 Feudal Age
15:21 Fletching
20:56 Castle Age
20:45 Gold Mining
20:42 Double-Bit Axe
20:37 Horse Collar
21:02 Crossbowman
21:37 Bodkin Arrow
23:07 Ballistics
31:51 Thumb Ring
33:02 Town Watch
37:36 Wheelbarrow
41:09 Imperial Age
Tawny
0:35 Loom
13:07 Feudal Age
18:35 Castle Age
17:16 Double-Bit Axe
17:12 Horse Collar
19:26 Wheelbarrow
19:34 Bow Saw
20:51 Hand Cart
28:33 Heavy Plow
28:24 Fletching
29:08 Gold Mining
29:11 Stone Mining
29:39 Town Watch
30:02 Bodkin Arrow
30:33 Caravan
30:45 Padded Archer Armor
31:24 Ballistics
32:53 Bloodlines
32:44 Husbandry
33:01 Leather Archer Armor
33:17 Masonry
33:23 Thumb Ring
34:21 Light Cavalry
35:31 Forging
35:26 Scale Barding Armor
38:52 Imperial Age
37:26 Chain Barding Armor
37:34 Murder Holes
37:56 Town Patrol
39:32 Gold Shaft Mining
39:32 Stone Shaft Mining
39:33 Bracer
38:54 Elite Mangudai
39:55 Conscription
40:38 Chemistry
40:10 Parthian Tactics
41:11 Hoardings
41:42 Iron Casting
IamAlPTremo
6:37 Loom
7:10 Loom
9:19 Feudal Age
10:17 Double-Bit Axe
15:45 Fletching
21:23 Castle Age
19:59 Gold Mining
20:44 Fishing Lines
22:00 Wheelbarrow
21:59 Medium Warships
22:02 Bow Saw
23:20 Horse Collar
26:10 Town Watch
27:21 Heavy Plow
27:39 Hand Cart
28:39 Gold Shaft Mining
27:55 Stone Mining
33:57 Imperial Age
32:29 Stone Shaft Mining
32:10 Scale Barding Armor
32:15 Forging
33:59 Chain Barding Armor
33:47 Elite War Elephant
34:50 Conscription
35:41 Plate Barding Armor
35:56 Iron Casting
36:35 Husbandry
36:46 Bloodlines
37:20 Crop Rotation
37:28 Devotion
37:51 Bodkin Arrow
39:00 Blast Furnace
39:06 Faith
40:56 Bodkin Arrow
rockiemantrue
8:33 Loom
12:52 Feudal Age
14:34 Double-Bit Axe
18:13 Horse Collar
19:46 Fletching
20:20 Padded Archer Armor
24:48 Castle Age
25:24 Bodkin Arrow
24:52 Crossbowman
25:37 Thumb Ring
26:10 Bow Saw
28:00 Ballistics
27:44 Squires
29:03 Leather Archer Armor
31:59 Wheelbarrow
38:20 Imperial Age
36:55 Heavy Plow
38:59 Hand Cart
38:30 Town Watch
39:05 Bracer
38:30 Arbalester
40:20 Ring Archer Armor
41:17 Chemistry
42:25 Conscription
[STT]Fe_
11:14 Feudal Age
12:34 Loom
16:11 Castle Age
14:31 Fishing Lines
15:05 Double-Bit Axe
16:39 Forging
16:54 Gillnets
17:22 Bow Saw
19:31 Wheelbarrow
20:37 Scale Barding Armor
22:22 Bloodlines
22:22 Husbandry
26:15 Iron Casting
27:02 Gold Mining
27:00 Horse Collar
27:25 Stone Mining
28:49 Chain Barding Armor
29:45 Hand Cart
32:05 Town Watch
35:19 Imperial Age
34:42 Gold Shaft Mining
36:44 Plate Barding Armor
35:30 Cavalier
35:31 Heavy Camel Rider
37:25 Blast Furnace
37:12 Stone Shaft Mining
37:29 Fletching
38:33 Padded Archer Armor
41:11 Conscription
40:52 Maghrebi Camels
41:31 Bodkin Arrow
41:58 Ballistics
41:46 Murder Holes
ArfGran
10:44 Loom
12:50 Feudal Age
14:40 Double-Bit Axe
17:45 Fletching
17:56 Padded Archer Armor
22:06 Horse Collar
24:56 Castle Age
24:56 Fishing Lines
25:09 Gold Mining
24:57 Crossbowman
26:35 Bodkin Arrow
26:49 Heavy Plow
27:35 Elite Skirmisher
31:15 Wheelbarrow
31:07 Bow Saw
32:18 Leather Archer Armor
33:31 Gillnets
Connection lost

Rejoining the realm…

Still unreachable

The connection could not be restored.

Session expired

The server has moved on; the page needs a fresh start.